 Dungeon Crawl Stone Soup version 0.18-a0-1229-ge9a1a01 (webtiles) character file.

84 Psiweapon the Sneak (level 4, -1/27 HPs)
             Began as an Octopode Enchanter on Feb 4, 2016.
             Slain by a sky beast (6 damage)
             ... on level 5 of the Dungeon.
             The game lasted 00:11:01 (2099 turns).

Psiweapon the Sneak (Octopode Enchanter)            Turns: 2099, Time: 00:11:01

Health: -1/27      AC:  1    Str:  7    XL:     4   Next: 45%
Magic:  5/7        EV: 12    Int: 17    God:
Gold:   49         SH:  3    Dex: 13    Spells: 2 memorised, 4 levels left

rFire  . . .     SeeInvis .     a - +1 dagger
rCold  . . .     Gourm    .     x - +0 buckler
rNeg   . . .     Faith    .     (helmet restricted)
rPois  .         Spirit   .     o - amulet of rage
rElec  .         Dismiss  .     (no ring)
rCorr  .         Reflect  .     (no ring)
SustAt .         Harm     .     (no ring)
MR     .....                    (no ring)
Stlth  ++++......               (no ring)
                                (no ring)
                                (no ring)
                                (no ring)

@: very slightly contaminated, not resistant to hostile enchantments, stealthy
A: almost no armour, amphibious, 8 rings, constrict 8, camouflage 1, gelatinous
body 1
a: Evoke Berserk Rage


You were on level 5 of the Dungeon.
You were not hungry.

You visited 1 branch of the dungeon, and saw 5 of its levels.

You collected 114 gold pieces.
You spent 65 gold pieces at shops.

Inventory:

Hand Weapons
 a - a +1 dagger (weapon)
 r - a +0 hunting sling
Missiles
 e - 2 throwing nets (quivered)
 s - 5 tomahawks
 u - 53 stones
 z - 18 bolts
Armour
 x - a +0 buckler (worn)
Jewellery
 o - an amulet of rage (around mantle)
Scrolls
 d - 5 scrolls of remove curse
 g - 2 scrolls of teleportation {unknown}
 j - a scroll of magic mapping {unknown}
 m - a scroll of amnesia {unknown}
 q - a scroll of random uselessness {unknown}
 t - 2 scrolls of immolation {unknown}
 v - a scroll of enchant weapon {unknown}
 y - 2 scrolls of identify
Potions
 f - a potion of mutation {unknown}
 h - a potion of curing {unknown}
 l - a potion of magic {unknown}
 n - 2 potions of heal wounds {unknown}
 w - a potion of lignification {unknown}
Books
 b - a book of Maledictions

   Spells                             Type                      Level
   a - Corona                         Hexes                        1
   b - Ensorcelled Hibernation        Hexes/Ice                    2
   c - Confuse                        Hexes                        3
   d - Tukima's Dance                 Hexes                        3
   e - Dazzling Spray                 Conjuration/Hexes            3
Comestibles
 c - a bread ration
 i - 3 meat rations
 k - a beef jerky
 p - a chunk of flesh


   Skills:
 - Level 0.4 Fighting
 + Level 1.7 Short Blades
 - Level 2.6 Dodging
 + Level 5.3 Stealth
 + Level 0.8 Shields
 - Level 2.2 Spellcasting
 - Level 3.2 Hexes


You had 4 spell levels left.
You knew the following spells:

 Your Spells              Type           Power        Failure   Level  Hunger
a - Corona                Hex            ##.....      10%         1    #......
b - Ensorcelled Hibernat  Hex/Ice        #.....       24%         2    ###....


Dungeon Overview and Level Annotations

Branches:
Dungeon (5/15)
 Temple: D:4-7

Altars:
Cheibriados
Gozag
Makhleb
Okawaru
Qazlal
Ru
Trog
Vehumet
Yredelemnul
The Shining One

Shops:
D:4 *


Innate Abilities, Weirdness & Mutations

You cannot wear most types of armour.
You are amphibious.
You can wear up to eight rings at the same time.
You can use your tentacles to constrict eight enemies at once.
Your skin changes colour to match your surroundings (Stealth).
Your rubbery body absorbs attacks (AC +1).


Message History

The sky beast is severely wounded.
You hit the sky beast.
The sky beast is severely wounded.
You block the sky beast's attack.
Cast which spell? (? or * to list)
Aiming: Ensorcelled Hibernation
Press: ? - help, Shift-Dir - straight line, f - sky beast
Aim: a sky beast (severely wounded, chance to defeat MR: 38%)
You miscast Ensorcelled Hibernation.
You are very lightly contaminated with residual magic.
You feel uncomfortably cold. The sky beast hits you. The sky beast shocks you.
You hit the sky beast.
The sky beast is severely wounded.
The sky beast hits you. The sky beast shocks you.
You hit the sky beast.
The sky beast is severely wounded.
The sky beast hits you.
* * * LOW HITPOINT WARNING * * *
The sky beast shocks you.
You die...

#....# #....#
#....# #....+
#....#
#....###########
#..<..........#
+.............#
#.......@.....#
#........Y....#
##+###........#
#........#
###+#....# ....#
....# ....#


You could see a sky beast.

Vanquished Creatures
  2 adders
  An ooze (D:2)
  3 worms (D:2)
  A ball python (D:1)
  7 bats
  A giant cockroach (D:1)
  5 goblins
  8 hobgoblins
  3 jackals (D:1)
  3 quokkas (D:2)
  A giant newt (D:1)
  8 kobolds
  7 rats
50 creatures vanquished.

Notes
Turn   | Place    | Note
--------------------------------------------------------------
     0 | D:1      | Psiweapon the Octopode Enchanter began the quest for the Orb.
     0 | D:1      | Reached XP level 1. HP: 11/11 MP: 3/3
   158 | D:1      | Reached XP level 2. HP: 15/17 MP: 5/5
   488 | D:1      | Learned a level 2 spell: Ensorcelled Hibernation
   856 | D:1      | Reached XP level 3. HP: 8/21 MP: 3/6
  1403 | D:2      | Found a radiant altar of Vehumet.
  1403 | D:2      | Found an iron altar of Okawaru.
  1524 | D:3      | Found a snail-covered altar of Cheibriados.
  1524 | D:3      | Found an opulent altar of Gozag.
  1526 | D:3      | Found a glowing golden altar of the Shining One.
  1528 | D:3      | Found a basalt altar of Yredelemnul.
  1528 | D:3      | Found a stormy altar of Qazlal.
  1528 | D:3      | Found a burning altar of Makhleb.
  1528 | D:3      | Found a bloodstained altar of Trog.
  1529 | D:3      | Found a sacrificial altar of Ru.
  1678 | D:2      | Reached skill level 5 in Stealth
  1678 | D:2      | Reached XP level 4. HP: 27/27 MP: 7/7
  2075 | D:4      | Found Ogaat's General Store.
  2080 | D:4      | Bought a scroll of identify for 26 gold pieces
  2080 | D:4      | Bought a scroll of remove curse for 39 gold pieces
  2089 | D:5      | Entered Level 5 of the Dungeon
  2089 | D:5      | Noticed a sky beast
  2099 | D:5      | Slain by a sky beast

Vault maps used:
D:1:      denvon_arrival_planthouse, grunt_decor_mini_mirrors, dk_noncrumbling_4
D:2:      gammafunk_temple_overflow_elements
D:3:      grunt_temple_overflow_open, roderic_lattice_a,
          small_statue_intersection, minivault_14, uniq_crazy_yiuf_cottage
D:4:      grunt_dithmenos_shadows, grunt_pakellas_basics, first_bread,
          serial_shops, nicolae_shop_competitors_out_of_business

Action                   |  1- 3 |  4- 6 || total
-------------------------+-------+-------++-------
Melee: Dagger            |    69 |    19 ||    88
 Cast: Corona            |     3 |       ||     3
       Ensorcelled Hiber |     8 |       ||     8
  Use: Potion            |     1 |       ||     1
 Stab: Sleeping          |    18 |     3 ||    21
  Eat: Chunk             |     3 |     1 ||     4
